 Dungeon Crawl Stone Soup version 0.30-a0-222-ge547ba4400 (webtiles) character file.

Game seed: 2142582014672529872

283 Aibolit the Ducker (level 6, -2/52 HPs)
             Began as a Minotaur Gladiator on Oct 8, 2022.
             Was an Initiate of Qazlal.
             Slain by a killer bee (5 damage)
             ... on level 7 of the Dungeon.
             The game lasted 00:05:39 (3138 turns).

Aibolit the Ducker (Minotaur Gladiator)             Turns: 3138, Time: 00:05:39

Health: -2/52      AC:  7    Str: 21    XL:     6   Next: 7%
Magic:  5/5        EV: 13    Int:  5    God:    Qazlal [......]
Gold:   112        SH:  0    Dex: 11    Spells: 2/5 levels left

rFire   + + .      SeeInvis .    a - +5 trident
rCold   . . .      Faith    .    (no shield)
rNeg    + . .      Spirit   .    n - +4 robe of Wanoucsylo {rElec rPois rF+ rN+}
rPois   +          Reflect  .    c - +0 hat
rElec   +          Harm     .    w - +0 cloak
rCorr   .          Rampage  .    (no gloves)
Will    .....                    (no boots)
Stlth   +.........               (no amulet)
HPRegen 0.28/turn                j - ring of protection from fire
MPRegen 0.09/turn                (no ring)

@: lethally poisoned (-2 -> -4)
A: horns 2, retaliatory headbutt
a: Renounce Religion


You were on level 7 of the Dungeon.
You worshipped Qazlal.
Qazlal was noncommittal.
You visited 1 branch of the dungeon, and saw 5 of its levels.

You collected 112 gold pieces.

Inventory:

Hand Weapons
 a - a +5 trident (weapon)
Missiles
 d - 4 throwing nets (quivered)
 e - a javelin
Armour
 c - a +0 hat (worn)
 n - the +4 robe of Wanoucsylo (worn) {rElec rPois rF+ rN+}
   (You found it on level 2 of the Dungeon)

   rF:        It protects you from fire.
   rElec:     It insulates you from electricity.
   rPois:     It protects you from poison.
   rN:        It protects you from negative energy.
 w - a +0 cloak (worn)
Jewellery
 j - a ring of protection from fire (left hand)
Scrolls
 g - 5 scrolls of poison
 i - a scroll of immolation
Potions
 b - a potion of haste {unknown}
 h - 2 potions of heal wounds {unknown}
 k - 2 potions of berserk rage {unknown}
 l - 2 potions of cancellation {unknown}
 m - a potion of curing {unknown}
 o - 3 potions of attraction
 r - a potion of degeneration {unknown}
 s - a potion of mutation {unknown}


   Skills:
 + Level 4.0 Fighting
 - Level 3.6 Polearms
 - Level 2.0 Throwing
 * Level 4.0 Armour
 + Level 5.4 Dodging
 + Level 0.8 Stealth


You had 2 spell levels left.
You knew the following spells:

 Your Spells              Type           Power      Damage    Failure   Level
a - Gell's Gravitas       Tloc           0%         N/A       85%         3

Your spell library contained the following spells:

 Spells                   Type           Power      Damage    Failure   Level
 Ensorcelled Hibernation  Hex/Ice        0%         N/A       63%         2
 Inner Flame              Hex/Fire       0%         N/A       85%         3
 Portal Projectile        Hex/Tloc       0%         N/A       85%         3
 Spider Form              Tmut/Pois      0%         N/A       85%         3
 Teleport Other           Tloc           0%         N/A       85%         3
 Tukima's Dance           Hex            0%         N/A       85%         3
 Anguish                  Hex/Necr       0%         N/A       99%         4
 Flame Wave               Conj/Fire      0%         2d4       99%         4
 Sticky Flame             Conj/Fire      0%         2d3       99%         4
 Blade Hands              Tmut           0%         N/A       100%        5
 Dispersal                Tloc           0%         N/A       100%        6


Dungeon Overview and Level Annotations

Branches:
Dungeon (4/15)
 Temple: D:4-7

Altars:
Makhleb
Qazlal


Innate Abilities, Weirdness & Mutations

You have a pair of horns on your head.
You reflexively headbutt those who attack you in melee.


Message History

The killer bee barely misses you.
You are too injured to fight recklessly!
* * * LOW HITPOINT WARNING * * *
You feel very sick.
The killer bee stings you but does no damage.
The killer bee barely misses you. The killer bee closely misses you.
You are too injured to fight recklessly!
The killer bee attacks as you move away!
The killer bee closely misses you.
The killer bee attacks as you move away!
The killer bee closely misses you.
* * * LOW HITPOINT WARNING * * *
You feel sick. The killer bee completely misses you. You furiously retaliate!
You headbutt the killer bee!
You are too injured to fight recklessly!
You are too injured to fight recklessly!
You are too injured to fight recklessly!
You completely miss the killer bee.
The killer bee is severely wounded.
* * * LOW HITPOINT WARNING * * *
You feel sick.
The killer bee stings you but does no damage. x2
The killer bee closely misses you.
The killer bee stings you but does no damage. x2
You puncture the killer bee!
You kill the killer bee!
Qazlal accepts your kill.
* * * LOW HITPOINT WARNING * * *
You feel sick. The killer bee misses you. The killer bee closely misses you.
The killer bee stings you.
* * * LOW HITPOINT WARNING * * *
The killer bee stings you but does no damage.
Your Fighting skill increases to level 4!
Your Armour skill increases to level 4!
You have reached level 6!
You puncture the killer bee! Your headbutt misses the killer bee.
The killer bee is severely wounded.
* * * LOW HITPOINT WARNING * * *
You feel sick. The killer bee stings you.
You die...

..................
..................
#.##.######..#####
#.##.######.......
#.##.........###.#
#.###.##..#####..# #.#
#...........)....# #.#
#+###..#..#####..# #.#
#@y..........# #.#
#.y#..#####..# #.#
#......#.....# #.#
#.##...####..# #.#
...................# #.#
###.###.##...####.####.#
#.##.............#
#.##...####.######
#............#


You could see 2 killer bees.

Vanquished Creatures
  A necrophage (D:7)
  2 killer bees (D:7)
  An orc wizard (D:2)
  Robin (D:3)
  3 adders (D:2)
  2 worms (D:2)
  A dart slug (D:2)
  2 orcs (D:2)
  7 bats
  5 endoplasms
  A giant cockroach (D:1)
  13 goblins
  4 hobgoblins
  4 quokkas
  6 ball pythons
  4 kobolds
  4 rats
61 creatures vanquished.

Notes
Turn   | Place    | Note
-------+----------+-------------------------------------------
     0 | D:1      | Aibolit the Minotaur Gladiator began the quest for the Orb.
     0 | D:1      | Reached XP level 1. HP: 18/18 MP: 0/0
    23 | D:1      | Found a faded altar of an unknown god.
   268 | D:1      | Reached skill level 1 in Armour
   268 | D:1      | Reached XP level 2. HP: 25/25 MP: 1/1
   885 | D:2      | Reached skill level 4 in Dodging
   982 | D:2      | Identified the +4 robe of Wanoucsylo {rElec rPois rF+ rN+}
  1010 | D:2      | Reached XP level 3. HP: 30/30 MP: 2/2
  1309 | D:2      | Found the +5 robe of Misfortune {Harm *Corrode *Slow EV+5}
  1419 | D:2      | Reached XP level 4. HP: 33/38 MP: 3/3
  1555 | D:2      | Found a stormy altar of Qazlal.
  1729 | D:2      | Became a worshipper of Qazlal Stormbringer
  2036 | D:3      | Found a burning altar of Makhleb.
  2082 | D:3      | Noticed Robin
  2106 | D:3      | Killed Robin
  3033 | D:3      | Learned a level 3 spell: Gell's Gravitas
  3061 | D:4      | You fall into a shaft and drop 3 floors!
  3117 | D:7      | Noticed a necrophage
  3125 | D:7      | Killed a necrophage
  3126 | D:7      | Reached skill level 5 in Dodging
  3126 | D:7      | Reached XP level 5. HP: 46/46 MP: 4/4
  3138 | D:7      | Reached XP level 6. HP: 4/52 MP: 5/5
  3138 | D:7      | Slain by a killer bee

Illustrated notes

Levels and vault maps discovered:
D:1:      minmay_arrival_open_corners, layout_basic,
          nicolae_ecumenical_snake_handling
D:2:      layout_loops_cross, basic_altar, dreamdust_wishing_well,
          grunt_ministairs_5
D:3:      layout_loops_ring, bloody_makhleb, kennysheep_nub, uniq_robin
D:4:      layout_loops_ring
D:7:      layout_basic, kennysheep_generic_room_6

Skill      XL: |  1  2  3  4  5 |
---------------+----------------+-----
Armour         | 1 2 3 4 |  4.0
Dodging        | 4 5 |  5.4
Fighting       | 3 4 |  4.0
Polearms       | |  3.6
Throwing       | |  2.0
Stealth        | |  0.8

Action                   |  1- 3 |  4- 6 || total
-------------------------+-------+-------++-------
Melee: Trident           |    69 |    80 ||   149
       Headbutt          |     4 |     8 ||    12
  Use: Scroll            |       |    14 ||    14
 Stab: Sleeping          |       |     1 ||     1
Armor: Leather armour    |     4 |       ||     4
       Robe              |    18 |    29 ||    47
Dodge: Dodged            |    30 |    62 ||    92

Table legend: (Time is in decaauts)
 A = Elapsed time spent in this place.
 B = Non-inter-level travel time spent in this place.
 C = Inter-level travel time spent in this place.
 D = Time resting spent in this place.
 E = Time spent auto-exploring this place.
 F = Levels seen in this place.
 G = Mean time per level.
                   A        B        C        D        E       F      G
               +--------+--------+--------+--------+--------+-----+--------+
         Total |   3154 |   2862 |    292 |    474 |   2000 |   5 |  630.8 |
       Dungeon |   3154 |   2862 |    292 |    474 |   2000 |   5 |  630.8 |
               +--------+--------+--------+--------+--------+-----+--------+

Top non-repeatable levels by time:
     D:3: 1314 daAuts
     D:2: 919 daAuts
     D:1: 837 daAuts
     D:7: 78 daAuts
     D:4: 5 daAuts
